cohdb
Replays
Latest Replays
All Replays
Popular Replays
Top Player Replays
Match Explorer
How It Works
Community
CoH3 Stats
Reddit
Sign in to upload your games and track your stats! →
Sign in with Steam
Match 44562317
Unlisted
Match 44562317
Overview
Messages
Build Orders
End
Engineer Squad
Construct Barracks
1⁄4-ton 4x4 Truck
Riflemen Squad
Riflemen Squad
Grenade Package
Construct Weapon Support Center
Infantry Support Center
Construct Medical Station
Construct Medical Station
Riflemen Squad
M3 Armored Personnel Carrier
Selects Heavy Weapons
Selects Assault Carriers
Selects Exchangeable Parts
Munitions Surplus
M1918 Browning Automatic Rifles
Construct Tank Depot
M1919 Machine Gun Team
dan legend
roland8510
rjspilly
Silent Penguin
Dr.Hanske
Daniel Pandur von Sudetenland
Calm
mooncat_black
0
0
Comments
sign in to comment!
No comments posted yet!